 Dungeon Crawl Stone Soup version 0.26.1-11-gd32895ea62 (webtiles) character file.

Game seed: 12389610741855917960

688 Almogavar the Covered (level 7, -2/56 HPs)
             Began as a Gnoll Wanderer on May 1, 2021.
             Slain by a wraith (5 damage)
             ... in an ossuary.
             The game lasted 00:24:19 (5788 turns).

Almogavar the Covered (Gnoll Wanderer)              Turns: 5788, Time: 00:24:22

Health: -2/56      AC:  8    Str: 16    XL:     7   Next: 63%
Magic:  19/21      EV: 12    Int: 17    God:
Gold:   222        SH:  0    Dex: 12    Spells: 10/13 levels left

rFire    . . .     SeeInvis .   w - +6 hand axe of Xaepna {vorpal, rPois rN+ MP+9}
rCold    + . .     Faith    .   (no shield)
rNeg     + . .     Spirit   .   x - +3 leather armour of the Worm {rC+ Will+ Slay+3}
rPois    +         Reflect  .   q - +2 hat
rElec    .         Harm     .   (no cloak)
rCorr    +         Rampage  .   (no gloves)
Will     +....                  (no boots)
Stlth    ++........             (no amulet)
HPRegen  0.18/turn              z - ring of resist corrosion
MPRegen  0.17/turn              d - ring of wizardry

@: swift, slowed, slow
A: distributed training, fangs 1, strong nose
a: no special abilities


You were in an ossuary.
You visited 1 branch of the dungeon, and saw 5 of its levels.
You also visited: Ossuary.

You collected 222 gold pieces.

Inventory:

Hand Weapons
 a - a +0 spear
 w - the +6 hand axe of Xaepna (weapon) {vorpal, rPois rN+ MP+9}
   (You took it off an orc on level 3 of the Dungeon)

   It inflicts extra damage upon your enemies.
   It protects you from poison.
   It protects you from negative energy.
   It affects your magic capacity (+9).
Missiles
 t - 9 boomerangs
 y - 5 silver boomerangs
Armour
 k - a +0 scale mail
 n - a cursed -1 kite shield
 q - a +2 hat (worn)
 x - the +3 leather armour of the Worm (worn) {rC+ Will+ Slay+3}
   (You took it off an orc on level 3 of the Dungeon)

   It affects your accuracy and damage with ranged weapons and melee attacks
   (+3).
   It protects you from cold.
   It affects your willpower, your defense against some magical effects.
Jewellery
 d - a ring of wizardry (right hand)
 j - an uncursed ring of willpower
 z - a ring of resist corrosion (left hand)
Scrolls
 c - 6 scrolls of teleportation
 f - a scroll of holy word {unknown}
 h - 3 scrolls of blinking
 l - a scroll of magic mapping
 o - 2 scrolls of amnesia
 p - a scroll of noise {unknown}
 s - 2 scrolls of fear {unknown}
 u - 3 scrolls of remove curse {unknown}
 B - a scroll of vulnerability {unknown}
Potions
 b - 3 potions of brilliance
 e - 5 potions of flight
 g - a potion of mutation {unknown}
 i - a potion of cancellation
 m - 2 potions of ambrosia {unknown}
 r - 4 potions of curing {unknown}
 v - 2 potions of attraction {unknown}
 A - a potion of heal wounds {unknown}


   Skills:
 + Level 5.3 Fighting
 + Level 2.6 Short Blades
 + Level 2.6 Long Blades
 + Level 2.6 Axes
 + Level 2.6 Maces & Flails
 + Level 2.6 Polearms
 + Level 2.6 Staves
 + Level 2.6 Slings
 + Level 2.6 Bows
 + Level 2.6 Crossbows
 + Level 3.7 Throwing
 + Level 7.1 Armour
 + Level 2.6 Dodging
 + Level 2.6 Stealth
 + Level 2.6 Shields
 + Level 2.6 Unarmed Combat
 + Level 3.9 Spellcasting
 + Level 2.1 Conjurations
 + Level 2.1 Hexes
 + Level 2.1 Summonings
 + Level 2.1 Necromancy
 + Level 2.1 Translocations
 + Level 2.1 Transmutations
 + Level 2.1 Fire Magic
 + Level 2.1 Ice Magic
 + Level 4.4 Air Magic
 + Level 2.1 Earth Magic
 + Level 2.1 Poison Magic
 + Level 2.9 Invocations
 + Level 3.7 Evocations


You had 10 spell levels left.
You knew the following spells:

 Your Spells              Type           Power        Failure   Level
a - Shock                 Conj/Air       56%          1%          1
b - Swiftness             Air            18%          1%          2

Your spell library contained the following spells:

 Spells                   Type           Power        Failure   Level
 Animate Skeleton         Necr           20%          3%          1
 Apportation              Tloc           20%          3%          1
 Corona                   Hex            11%          3%          1
 Summon Small Mammal      Summ           40%          3%          1
 Static Discharge         Conj/Air       14%          6%          3
 Airstrike                Air            9%           12%         4
 Lightning Bolt           Conj/Air       7%           45%         5


Dungeon Overview and Level Annotations

Branches:
Dungeon (5/15)            Ossuary (1/1)
 Temple: D:4-7

Altars:
Makhleb
Nemelex Xobeh
Beogh

Shops:
D:4 }

Annotations:
D:3 Welwordion's ghost, amateur OpMo


Innate Abilities, Weirdness & Mutations

Your experience applies equally to all skills.
You have very sharp teeth.
Your uncanny sense of smell can sniff out nearby items.


Message History

The wraith hits you but does no damage. The wraith hits you!
The wraith drains your vigour!
You feel as though you will be slow longer.
You closely miss the wraith.
The wraith is severely damaged.
The wraith hits you but does no damage.
You barely miss the wraith.
The wraith is severely damaged.
The wraith hits you but does no damage. The wraith hits you.
* * * LOW HITPOINT WARNING * * *
The wraith drains your vigour!
You feel as though you will be slow longer.
Casting: Shock (safe; 1% risk of failure)
Confirm with . or Enter, or press ? or * to list all spells.
You feel quick. The wraith hits you!
* * * LOW HITPOINT WARNING * * *
The wraith drains your vigour!
You feel as though you will be slow longer.
The wraith hits you.
You die...

#..#!'...8...#.#...8...+∆#..#
#..####......#'#......####..#
#............#.#............#
#...........................#
#..####.####.....####.####..#
#..#.'..#.'...8...'.#.. ∆#..#
#..####.####.^...####.####..#
#...........................#
#............#@#..^.........#
#..####......#W#......####..#
#..#∆+...8...#?#...8...+ #.^#
#..####......###......####..#
#...........................#
#...........................#
#..#.#..#.#^.#.#..#.#..#.#..#
#..#'#..#'#..#'#..#+#..#+#..#
#..#.#..#.#..#.#..#∆#..# #..#


You could see a wraith.

Vanquished Creatures
  A phantom (D:4)
  2 ice beasts (D:5)
  A hound (D:3)
  An orc priest (D:5)
  An orc wizard (D:5)
  3 worker ants
  A big kobold zombie (Ossuary)
  2 mummies (Ossuary)
  A worker ant zombie (D:5)
  5 adders
  A white imp (D:5)
  2 worms
  7 dart slugs
  8 leopard geckos
  11 orcs
  4 giant cockroaches
  2 gnoll zombies (Ossuary)
  9 hobgoblins
  8 jackals
  2 quokkas
  A ball python (D:2)
  10 bats
  5 frilled lizards
  10 goblins
  A goblin zombie (Ossuary)
  4 hobgoblin zombies (Ossuary)
  11 kobolds
  6 kobold zombies (Ossuary)
  A leopard gecko skeleton (D:4)
  11 rats
132 creatures vanquished.

Notes
Turn   | Place    | Note
-------+----------+-------------------------------------------
     0 | D:1      | Almogavar the Gnoll Wanderer began the quest for the Orb.
     0 | D:1      | Almogavar set off with the following items: a +0 spear, a
                  | scroll of teleportation, a +0 robe; and the following spell
                  | memorised: Shock; and the following spells available to
                  | memorise: Swiftness, Static Discharge, Airstrike, Lightning
                  | Bolt
     0 | D:1      | Reached XP level 1. HP: 20/20 MP: 4/4
   171 | D:1      | Reached XP level 2. HP: 26/26 MP: 0/5
   459 | D:1      | Reached XP level 3. HP: 31/31 MP: 2/7
   715 | D:1      | Reached skill level 1 in Invocations
   968 | D:1      | Reached skill level 1 in Short Blades
   968 | D:1      | Reached skill level 1 in Long Blades
   968 | D:1      | Reached skill level 1 in Axes
   968 | D:1      | Reached skill level 1 in Maces & Flails
   968 | D:1      | Reached skill level 1 in Polearms
   968 | D:1      | Reached skill level 1 in Staves
   968 | D:1      | Reached skill level 1 in Slings
   968 | D:1      | Reached skill level 1 in Bows
   968 | D:1      | Reached skill level 1 in Crossbows
   968 | D:1      | Reached skill level 1 in Dodging
   968 | D:1      | Reached skill level 1 in Stealth
   968 | D:1      | Reached skill level 1 in Shields
   968 | D:1      | Reached skill level 1 in Unarmed Combat
  1059 | D:2      | Reached XP level 4. HP: 38/38 MP: 4/8
  1737 | D:2      | Reached skill level 1 in Conjurations
  1737 | D:2      | Reached skill level 1 in Hexes
  1737 | D:2      | Reached skill level 1 in Summonings
  1737 | D:2      | Reached skill level 1 in Necromancy
  1737 | D:2      | Reached skill level 1 in Translocations
  1737 | D:2      | Reached skill level 1 in Transmutations
  1737 | D:2      | Reached skill level 1 in Fire Magic
  1737 | D:2      | Reached skill level 1 in Ice Magic
  1737 | D:2      | Reached skill level 1 in Earth Magic
  1737 | D:2      | Reached skill level 1 in Poison Magic
  2195 | D:2      | Found a sparkling altar of Nemelex Xobeh.
  2228 | D:2      | Reached XP level 5. HP: 43/43 MP: 6/9
  2676 | D:3      | Found a runed translucent gate.
  2677 | D:3      | Identified the +6 hand axe of Xaepna {vorpal, rPois rN+
                  | MP+9}
  2677 | D:3      | Identified the +3 leather armour of the Worm {rC+ Will+
                  | Slay+3}
  2677 | D:3      | Noticed Welwordion's ghost (amateur OpMo)
  2678 | D:3      | Found a runed translucent gate.
  2679 | D:3      | Found a runed translucent gate.
  2686 | D:3      | Found a roughly hewn altar of Beogh.
  3577 | D:3      | Found a burning altar of Makhleb.
  3949 | D:3      | Learned a level 2 spell: Swiftness
  4402 | D:4      | Found Anich's Gadget Emporium.
  4495 | D:4      | Reached XP level 6. HP: 50/50 MP: 10/10
  4613 | D:4      | Noticed a phantom
  4624 | D:4      | Killed a phantom
  4625 | D:4      | Reached skill level 5 in Fighting
  5096 | D:5      | Entered Level 5 of the Dungeon
  5129 | D:5      | Noticed an ice beast
  5140 | D:5      | Reached XP level 7. HP: 55/56 MP: 12/12
  5144 | D:5      | Reached skill level 7 in Armour
  5204 | D:5      | Found a sand-covered staircase.
  5214 | Ossuary  | Entered an ossuary
  5214 | Ossuary  | Noticed a wraith
  5214 | Ossuary  | Noticed a wraith
  5214 | Ossuary  | Noticed a wraith
  5777 | Ossuary  | Noticed a wraith
  5788 | Ossuary  | Slain by a wraith

Illustrated notes

Levels and vault maps discovered:
D:1:      dpeg_arrival_pond, layout_rooms, minmay_pentomino_t4
D:2:      layout_loops_corners, minivault_4, nemelex_xobeh_ov_fountains_minmay
D:3:      layout_basic, biasface_ghost_orc_armoury, makhleb_blood_cavern_becter
D:4:      layout_loops_cross, serial_shops, shop
D:5:      layout_basic, nicolae_ossuary_entry_monument,
          gammafunk_ghost_nasty_kobolds
Ossuary:  ossuary_kennysheep_city_of_the_dead

Skill      XL: |  1  2  3  4  5  6  7 |
---------------+----------------------+-----
Invocations    | 1 2 |  2.9
Short Blades   | 1 2 |  2.6
Long Blades    | 1 2 |  2.6
Axes           | 1 2 |  2.6
Maces & Flails | 1 2 |  2.6
Polearms       | 1 2 |  2.6
Staves         | 1 2 |  2.6
Slings         | 1 2 |  2.6
Bows           | 1 2 |  2.6
Crossbows      | 1 2 |  2.6
Dodging        | 1 2 |  2.6
Stealth        | 1 2 |  2.6
Shields        | 1 2 |  2.6
Unarmed Combat | 1 2 |  2.6
Spellcasting   | 3 |  3.9
Conjurations   | 1 2 |  2.1
Hexes          | 1 2 |  2.1
Summonings     | 1 2 |  2.1
Necromancy     | 1 2 |  2.1
Translocations | 1 2 |  2.1
Transmutations | 1 2 |  2.1
Fire Magic     | 1 2 |  2.1
Ice Magic      | 1 2 |  2.1
Earth Magic    | 1 2 |  2.1
Poison Magic   | 1 2 |  2.1
Throwing       | 3 |  3.7
Evocations     | 3 |  3.7
Air Magic      | 4 |  4.4
Fighting       | 5 |  5.3
Armour         | 7 |  7.1

Action                   |  1- 3 |  4- 6 |  7- 9 || total
-------------------------+-------+-------+-------++-------
Melee: Spear             |    37 |   103 |       ||   140
       Bite              |     2 |    11 |     6 ||    19
       Hand axe          |       |    23 |    34 ||    57
       Punch             |       |       |     1 ||     1
 Cast: Shock             |    59 |   137 |    43 ||   239
       Swiftness         |       |     2 |     1 ||     3
  Use: Scroll            |       |     6 |     2 ||     8
Armor: Robe              |     8 |     2 |       ||    10
       Leather armour    |       |    49 |    10 ||    59
Dodge: Dodged            |    17 |    98 |    20 ||   135
